 Dungeon Crawl Stone Soup version 0.29.1-15-g9cfb28693d (webtiles) character file.

Game seed: 14387675184551061917

51 Arctor the Firebug (level 3, 19/19 HPs)
             Began as a Gargoyle Fire Elementalist on Mar 21, 2023.
             Quit the game on level 1 of the Dungeon on July 5, 2023.
             The game lasted 00:03:40 (2592 turns).

Arctor the Firebug (Gargoyle Fire Elementalist)     Turns: 2592, Time: 00:03:40

Health: 19/19      AC:  6    Str: 11    XL:     3   Next: 83%
Magic:  6/6        EV: 12    Int: 17    God:
Gold:   50         SH:  0    Dex: 10    Spells: 3/6 levels left

rFire   . . .      SeeInvis .   c - +0 short sword
rCold   . . .      Faith    .   (no shield)
rNeg    + . .      Spirit   .   a - +0 robe
rPois   ∞          Reflect  .   (no helmet)
rElec   +          Harm     .   (no cloak)
rCorr   .          Rampage  .   (no gloves)
Will    .....                   f - +0 pair of boots
Stlth   ++........              (no amulet)
HPRegen 0.06/turn               (no ring)
MPRegen 0.10/turn               (no ring)

@: no status effects
A: sickness immunity, AC +3, negative energy resistance 1, electricity
resistance, torment resistance 1, petrification resistance
a: no special abilities


You were on level 1 of the Dungeon.
You visited 1 branch of the dungeon, and saw 2 of its levels.

You collected 50 gold pieces.

Inventory:

Hand Weapons
 c - a +0 short sword (weapon)
Armour
 a - a +0 robe (worn)
 f - a +0 pair of boots (worn)
Potions
 b - 2 potions of magic
 d - 3 potions of brilliance {unknown}
 e - a potion of curing {unknown}
 g - a potion of cancellation {unknown}


   Skills:
 + Level 2.0 Dodging
 + Level 2.8 Stealth
 + Level 2.4 Spellcasting
 + Level 2.0 Conjurations
 + Level 3.3 Fire Magic


You had 3 spell levels left.
You knew the following spells:

 Your Spells              Type           Power      Damage    Failure   Level
a - Foxfire               Conj/Fire      44%        2x1d6     6%          1
b - Scorch                Fire           26%        2d6       7%          2

Your spell library contained the following spells:

 Spells                   Type           Power      Damage    Failure   Level
 Conjure Flame            Conj/Fire      11%        6-21      19%         3
 Inner Flame              Hex/Fire       7%         N/A       28%         3
 Flame Wave               Conj/Fire      11%        2d6       52%         4


Dungeon Overview and Level Annotations

Branches:
Dungeon (2/15)

Altars:

Annotations:
D:2 Sigmund


Innate Abilities, Weirdness & Mutations

You are immune to sickness and miasma.
Your stone body is resilient. (AC +3)
You are immune to poison.
You resist negative energy. (rN+)
You are resistant to electric shocks. (rElec)
You are resistant to unholy torment.
You are immune to petrification.


Message History

Reactivating autopickup.
There is a stone staircase leading down here.
You start resting.
Your magical contamination has completely faded away.
You start resting.
Magic restored.
You start resting.
HP restored.
You climb downwards.
Level annotation: Sigmund The bat closely misses you.
The hobgoblin hits you.
There is a stone staircase leading up here.
Casting: Foxfire (safe; 6% risk of failure)
Confirm with . or Enter, or press ? or * to list all spells.
Flames lash the hobgoblin.
You kill the hobgoblin!
The bat hits you but does no damage. The bat closely misses you.
Casting: Scorch (safe; 7% risk of failure)
Confirm with . or Enter, or press ? or * to list all spells.
Flames lash the bat.
The bat is severely wounded.
The bat's fire resistance burns away.
The bat hits you but does no damage. x2
Casting: Scorch (safe; 7% risk of failure)
Confirm with . or Enter, or press ? or * to list all spells.
Flames lash the bat.
The bat is burned terribly!
You kill the bat!
You climb upwards.
There is a stone staircase leading down here.
You start resting.
Magic restored.
You start resting.
HP restored.
Welcome back, Arctor the Gargoyle Fire Elementalist.
Press ? for a list of commands and other information.
Unknown command.
Are you sure you want to abandon this character and quit the game? (Confirm with "yes".)
Okay, then.
Unknown command.
Autopickup is now off.
Are you sure you want to abandon this character and quit the game? (Confirm with "yes".)

####### #....##########
##.....# #####.# #......#
#.....# #.###..# #.....#
#...#..# #.....# ##.#[...#
#.....# #..###..####'##.#
#............##.#
#.####...@......#
#...............#
######..........##########
#......##...........#
#......##...........#
#......'............#
#......#..>.).).....#
#......#............#
########.#+##########


There were no monsters in sight!

Vanquished Creatures
  An adder (D:2)
  2 dart slugs (D:1)
  2 ball pythons (D:1)
  2 endoplasms (D:1)
  2 giant cockroaches (D:1)
  2 goblins (D:1)
  5 hobgoblins
  3 jackals (D:1)
  A quokka (D:1)
  4 bats
  4 frilled lizards
  3 kobolds
  3 rats
  A spectral hobgoblin (D:1)
35 creatures vanquished.

Vanquished Creatures (others)
  143 foxfires
143 creatures vanquished.

Grand Total: 178 creatures vanquished

Notes
Turn   | Place    | Note
-------+----------+-------------------------------------------
     0 | D:1      | Arctor the Gargoyle Fire Elementalist began the quest for
                  | the Orb.
     0 | D:1      | Reached XP level 1. HP: 10/10 MP: 3/3
   105 | D:1      | Reached XP level 2. HP: 15/15 MP: 0/5
   394 | D:1      | Found a faded altar of an unknown god.
   702 | D:1      | Learned a level 2 spell: Scorch
  1133 | D:1      | Reached XP level 3. HP: 19/19 MP: 2/6
  2027 | D:2      | Noticed Sigmund
  2592 | D:1      | Quit the game

Illustrated notes

Levels and vault maps discovered:
D:1:      denvon_arrival_planthouse, layout_basic,
          dreamdust_ecumenical_altar_drowned_temple, minmay_tetromino_l2
D:2:      layout_loops_ring, st_stairs_11, uniq_sigmund

Skill      XL: |  1  2  3 |
---------------+----------+-----
Dodging        | 2 |  2.0
Conjurations   | 2 |  2.0
Stealth        | |  2.8
Spellcasting   | |  2.4
Fire Magic     | |  3.3

Action                   || total
-------------------------++-------
Melee: Short sword       ||    28
 Cast: Foxfire           ||    84
       Scorch            ||     4
 Stab: Sleeping          ||     1
Armor: Robe              ||    12
Dodge: Dodged            ||    41
